 Dungeon Crawl Stone Soup version 0.20-a0-809-gaf7f668 (webtiles) character file.

370 Goblin1989 the Carver (level 6, -2/47 HPs)
             Began as a Barachian Fighter on Mar 2, 2017.
             Was an Initiate of Gozag.
             Slain by an ogre
             ... wielding a cursed -2 giant club
              (18 damage)
             ... on level 4 of the Dungeon.
             The game lasted 00:08:03 (3709 turns).

Goblin1989 the Carver (Barachian Fighter)           Turns: 3709, Time: 00:08:04

Health: -2/47      AC:  9    Str: 20    XL:     6   Next: 70%
Magic:  6/6        EV:  5    Int:  8    God:    Gozag
Gold:   325        SH:  9    Dex: 11    Spells: 5/5 levels left

rFire    . . .     SeeInvis .   a - +0 long sword
rCold    . . .     Gourm    .   f - +0 chain mail
rNeg     . . .     Faith    .   c - +0 shield
rPois    .         Spirit   .   (no helmet)
rElec    .         Reflect  .   (no cloak)
rCorr    +         Harm     .   (no gloves)
MR       .....                  (no boots)
Stlth    ..........             (no amulet)
Regen    0.2/turn               g - ring of resist corrosion
MPRegen  0.1/turn               (no ring)

@: can't hop, slow
A: +LOS, swims, slowness 1, strong legs 1
a: Hop, Potion Petition, Call Merchant, Bribe Branch, Renounce Religion


You were on level 4 of the Dungeon.
You worshipped Gozag.
Gozag was aware of your devotion.
You were not hungry.

You visited 1 branch of the dungeon, and saw 4 of its levels.

You collected 370 gold pieces.
You paid 45 gold pieces to Gozag.

Inventory:

Hand Weapons
 a - a +0 long sword (weapon)
Missiles
 b - 4 needles of sleeping
Armour
 c - a +0 shield (worn)
 f - a +0 chain mail (worn)
 u - a +0 pair of boots
Jewellery
 g - a ring of resist corrosion (right hand)
 v - an uncursed ring of stealth {unknown}
Wands
 L - a wand of lightning (0/15)
Scrolls
 h - 2 scrolls of remove curse {unknown}
 j - 4 scrolls of identify {unknown}
 k - a scroll of teleportation {unknown}
 m - a scroll of enchant armour {unknown}
 n - a scroll of magic mapping {unknown}
 p - 2 scrolls of amnesia {unknown}
 q - a scroll of enchant weapon {unknown}
 r - a scroll of random uselessness {unknown}
 t - a scroll of fog {unknown}
Potions
 d - a potion of might
 i - 2 potions of lignification {unknown}
 l - a potion of invisibility {unknown}
 o - 2 potions of mutation {unknown}
Comestibles
 e - 4 bread rations {@e1}
 s - 3 meat rations {@e2}


   Skills:
 - Level 3.6 Fighting
 + Level 8.3 Long Blades
 - Level 3.6 Armour
 - Level 3.2 Shields


You had 5 spell levels left.
You didn't know any spells.

Dungeon Overview and Level Annotations

Branches:
Dungeon (4/15)
 Temple: D:4-7

Altars:
Gozag
Makhleb
The Shining One


Innate Abilities, Weirdness & Mutations

Shadows flee at your approach. (+LOS)
You can swim through water.
You cover ground slowly.
You can hop short distances.


Message History

The orc hits you with a mace. You block the scorpion's attack.
You take 6 damage, and have 38/47 hp.
You hit the scorpion.
The scorpion is moderately wounded.
The scorpion barely misses you. You block the orc's attack.
You hit the scorpion.
The scorpion is heavily wounded.
The scorpion stings you but does no damage.
You barely miss the scorpion.
The scorpion is heavily wounded.
You block the orc's attack. The scorpion completely misses you.
You hit the scorpion.
The scorpion is almost dead.
The orc hits you but does no damage. You block the scorpion's attack.
You slash the scorpion!
You kill the scorpion!
The orc hits you but does no damage.
You slash the orc!
You kill the orc!
No target in view!
No target in view!
No target in view!
No target in view!
No target in view!
No target in view!
No target in view!
No target in view!
No target in view!
No target in view!
No target in view!
No target in view!
No target in view!
No target in view!
No target in view!
No target in view!
No target in view!
No target in view!
No target in view!
No target in view!
No target in view!
No target in view!
No target in view!
No target in view!
No target in view!
No target in view!
No target in view!
No target in view!
No target in view!
No target in view!
No target in view!
No target in view!
No target in view!
You now have 313 gold pieces (gained 6).
You see here a mace.
You now have 318 gold pieces (gained 5).
You now have 325 gold pieces (gained 7).
You see here a flail of protection.
Done exploring.
Done exploring.
(D) Dungeon
Where to? (Enter - D:4, ? - help)
You see here a mace.
There is a stone staircase leading down here.
You climb downwards.
The orc hits you with a hand axe.
The orc wizard gestures wildly while chanting.
The orc wizard blinks!
The ogre hits you with a giant club!!
* * * LOW HITPOINT WARNING * * *
You block the orc's attack.
There is a stone staircase leading up here.
You take 22 damage, and have 17/47 hp.
O_OOPS!!
MASSIVE DAMAGE!!
Hop to where?
Press: ? - help, Dir - move target cursor Boing!
You block the orc's attack.
Evoke which item? (* to show all) (? for menu, Esc to quit)
Aiming: Lightning Bolt (will waste charges)
Press: ? - help, Shift-Dir - straight line, f - ogre
Aim: an ogre, wielding a giant club You hear a mighty clap of thunder!
The bolt of lightning hits the ogre.
The ogre is moderately wounded.
Evoking this partially-identified wand wasted a few charges.
The orc hits you but does no damage.
Evoke which item? (* to show all) (? for menu, Esc to quit)
Aiming: Lightning Bolt (will waste charges)
Press: ? - help, Shift-Dir - straight line, f/p - ogre
Aim: an ogre, wielding a giant club (moderately wounded) Nothing appears to happen.
The orc hits you but does no damage.
The orc wizard hits you but does no damage.
You barely miss the ogre.
The ogre is moderately wounded.
You block the ogre's attack. The orc hits you with a dagger.
* * * LOW HITPOINT WARNING * * *
The orc wizard gestures wildly while chanting.
The orc wizard blinks!
You take 1 damage, and have 16/47 hp.
Your chain mail prevents you from hitting the ogre.
The ogre is moderately wounded.
You block the orc's attack. The ogre hits you with a giant club!!
You die...
Your body crumbles into a pile of gold.

█.............█............)...█
.............█.......o....███$..
███.........██...█........███...
█.......o██...███.....$..███..
██............███.........███.
█████.............██..........██.
..........████......█............
███.....██ ██...................
█..█..██ █..§@................
█..█...█ █..Ooo███......████.. █.
██..███....██ ███..███ ██. █
█...█....██ █..██ ██ ██....<..█
█..█ ██.....██ █..█ █.....█ █
██....█ █....██


You could see an ogre, an orc wizard and 2 orcs.

Vanquished Creatures
  An ogre (D:4)
  A scorpion (D:3)
  A crimson imp (D:3)
  An orc wizard (D:4)
  An iguana (D:4)
  2 worker ants (D:4)
  The ghost of Sapher the Ruffian, a weakling VSFi (D:3)
  3 adders
  2 leopard geckos
  4 orcs
  6 giant cockroaches
  7 goblins
  4 hobgoblins
  6 jackals
  3 quokkas
  2 ball pythons
  4 bats
  2 frilled lizards
  4 kobolds
  4 rats
59 creatures vanquished.

Notes
Turn   | Place    | Note
-------+----------+-------------------------------------------
     0 | D:1      | Goblin1989 the Barachian Fighter began the quest for the Orb.
     0 | D:1      | Reached XP level 1. HP: 18/18 MP: 1/1
   105 | D:1      | Reached skill level 3 in Long Blades
   154 | D:1      | Reached XP level 2. HP: 24/24 MP: 2/2
   836 | D:1      | Reached skill level 4 in Long Blades
   853 | D:1      | Reached XP level 3. HP: 26/29 MP: 3/3
  1098 | D:2      | Found an opulent altar of Gozag.
  1104 | D:2      | Became a worshipper of Gozag Ym Sagoz the Greedy
  1934 | D:3      | Reached skill level 5 in Long Blades
  1938 | D:3      | Found a burning altar of Makhleb.
  1964 | D:3      | Reached XP level 4. HP: 32/36 MP: 4/4
  1966 | D:3      | Noticed Sapher's ghost (weakling VSFi)
  1972 | D:3      | Killed Sapher's ghost
  2163 | D:3      | Found a glowing golden altar of the Shining One.
  2311 | D:3      | Reached skill level 6 in Long Blades
  2311 | D:3      | Reached XP level 5. HP: 38/41 MP: 5/5
  3069 | D:4      | Noticed an ogre
  3118 | D:4      | Reached skill level 7 in Long Blades
  3294 | D:4      | Reached XP level 6. HP: 24/47 MP: 6/6
  3514 | D:4      | Reached skill level 8 in Long Blades
  3709 | D:4      | Slain by an ogre

Vault maps used:
D:1:      minmay_arrival_four_loops, minmay_octomino_e4
D:2:      grunt_gozag_statues, first_bread
D:3:      lemuel_upstairs_altar, tso_altar, nicolae_overflow_hidden_temple,
          serial_bayou_pond_d, uniq_iyjb

Skill      XL: |  1  2  3  4  5  6 |
---------------+-------------------+-----
Long Blades    | 3 4 5 6 7 8 |  8.3
Fighting       | |  3.6
Armour         | |  3.6
Shields        | |  3.2

Action                   |  1- 3 |  4- 6 || total
-------------------------+-------+-------++-------
Melee: Long sword        |   123 |   147 ||   270
 Abil: Hop               |       |     2 ||     2
Evoke: Wand              |       |     2 ||     2
  Use: Potion            |     1 |       ||     1
  Eat: Royal jelly       |     2 |       ||     2
       Chunk             |     1 |       ||     1
       Bread ration      |       |     2 ||     2
Armor: Chain mail        |    79 |    75 ||   154
Dodge: Dodged            |    13 |    29 ||    42
Block: Shield            |    64 |    68 ||   132
       Rpst.: Long sword |     4 |     9 ||    13

Vault maps used:
D:1:      minmay_arrival_four_loops, minmay_octomino_e4
D:2:      grunt_gozag_statues, first_bread
D:3:      lemuel_upstairs_altar, tso_altar, nicolae_overflow_hidden_temple,
          serial_bayou_pond_d, uniq_iyjb
